 Dungeon Crawl Stone Soup version 0.28-a0-1616-g050a50673c (webtiles) character file.

Game seed: 6634906423337742362

268 a3don the Chopper (level 6, 0/55 HPs)
             Began as a Hill Orc Cinder Acolyte on Jan 22, 2022.
             Was a High Priest of Ignis.
             Slain by an orc wizard (1 damage)
             ... on level 5 of the Dungeon.
             The game lasted 00:05:07 (4204 turns).

a3don the Chopper (Hill Orc Cinder Acolyte)         Turns: 4204, Time: 00:05:07

Health: 0/55       AC:  5    Str: 22 (24) XL:     6   Next: 21%
Magic:  9/9        EV: 10    Int: 13 (16) God:    Ignis [*****.]
Gold:   180        SH:  3    Dex:  4 (6)  Spells: 7/9 levels left

rFire   + . .      SeeInvis .   a - -1 hand axe (flame)
rCold   . . .      Faith    .   t - +0 buckler
rNeg    . . .      Spirit   .   x - +0 leather armour of Nihilism {Str+7}
rPois   .          Reflect  .   y - +0 helmet
rElec   .          Harm     .   (no cloak)
rCorr   .          Rampage  .   r - +0 pair of gloves
Will    .....                   (no boots)
Stlth   +.........              (no amulet)
HPRegen 0.18/turn               (no ring)
MPRegen 0.11/turn               (no ring)

@: lethally poisoned (0 -> -5)
A: no striking features
a: Renounce Religion, Convert to Beogh, Fiery Armour, Foxfire Swarm, Rising
Flame


You were on level 5 of the Dungeon.
You worshipped Ignis.
Ignis was extremely pleased with you.
You visited 1 branch of the dungeon, and saw 5 of its levels.

You collected 180 gold pieces.

Inventory:

Hand Weapons
 a - a -1 hand axe of flaming (weapon)
 b - a +0 war axe
 g - a +0 whip
 l - a +0 hunting sling
 q - a +2 trident of protection
Missiles
 c - 108 stones (quivered)
Armour
 f - a +0 scale mail
 r - a +0 pair of gloves (worn)
 t - a +0 buckler (worn)
 x - the +0 leather armour of Nihilism (worn) {Str+7}
   (You found it on level 2 of the Dungeon)

   Str:       It affects your strength (+7).
 y - a +0 helmet (worn)
 z - an orb of mayhem
Jewellery
 p - a ring of fire
Scrolls
 h - a scroll of torment {unknown}
 i - a scroll of acquirement {unknown}
 j - a scroll of holy word {unknown}
 m - 3 scrolls of identify {unknown}
 o - a scroll of fog {unknown}
Potions
 d - a potion of might {unknown}
 e - 2 potions of degeneration
 k - 2 potions of lignification {unknown}
 n - 3 potions of curing
 s - a potion of heal wounds {unknown}
 u - a potion of mutation {unknown}
 v - a potion of flight {unknown}
 w - a potion of ambrosia {unknown}


   Skills:
 + Level 4.8 Fighting
 + Level 5.4 Axes
 + Level 2.2 Shields
 + Level 2.2 Spellcasting
 + Level 4.5 Fire Magic


You had 7 spell levels left.
You knew the following spells:

 Your Spells              Type           Power      Damage    Failure   Level
a - Scorch                Fire           26%        2d6       10%         2

Your spell library contained the following spells:

 Spells                   Type           Power      Damage    Failure   Level
 Malign Gateway           Summ/Tloc      0%         N/A       100%        7
 Summon Horrible Things   Summ           0%         N/A       100%        8


Dungeon Overview and Level Annotations

Branches:
Dungeon (5/15)
 Temple: D:4-7

Altars:
Fedhas
Wu Jian

Annotations:
D:5 Ijyb


Message History

The orc is moderately wounded.
You hit the orc. You burn the orc.
You kill the orc!
You closely miss something. You barely miss the orc.
You closely miss the scorpion.
You feel very sick.
The orc priest calls upon Beogh to heal the orc.
The orc's wounds heal themselves!
The orc hits you but does no damage. The scorpion barely misses you.
The orc hits you but does no damage.
You closely miss the orc. You hit the orc. You burn the orc.
You hit something but do no damage. You barely miss the orc.
You hit the orc wizard but do no damage.
You hit the scorpion but do no damage.
You feel very sick.
The orc wizard casts a spell.
The orc wizard flickers and vanishes!
The orc barely misses you.
The orc priest casts a cantrip, but nothing happens.
Something hits you but does no damage. The scorpion stings you.
* * * LOW HITPOINT WARNING * * *
You block the orc's attack.
You barely miss the orc. You hit the scorpion but do no damage.
You miss something. You completely miss the orc. You closely miss something.
You hit the orc. You burn the orc.
You kill the orc!
You feel sick. The scorpion barely misses you. Something hits you.
* * * LOW HITPOINT WARNING * * *
The orc hits you with a +0 hand axe.
* * * LOW HITPOINT WARNING * * *
The orc priest begins to cast a cantrip, but forgets the words!
The orc hits you but does no damage. The orc barely misses you.
It was a potion of degeneration.
There was something very wrong with that liquid.
You feel weakened.
You feel dopey.
You feel clumsy.
* * * LOW HITPOINT WARNING * * *
You feel sick. The scorpion stings you.
* * * LOW HITPOINT WARNING * * *
Something hits you but does no damage. The orc barely misses you.
The orc priest looks satisfied for a moment.
Something hits you.
You die...

..# # ...## #. ....#
. #..#########...#
.. #.............$#
...
##...<<......$.#.#..
##########.........
#.{o......
#o@s......
#{oo......
#.g.o.....
#.........
#.........
#.........
#.........
#...#.#...


You could see Ijyb, a scorpion, an orc priest and 4 orcs.

Vanquished Creatures
  A water moccasin skeleton (D:4)
  A hound (D:5)
  A hound skeleton (D:4)
  7 adders
  An ufetubus (D:4)
  3 adder skeletons (D:4)
  4 worms
  2 dart slugs
  7 orcs
  3 bats
  4 endoplasms
  2 giant cockroaches
  5 goblins
  8 hobgoblins
  5 jackals
  6 kobolds
  3 quokkas
  7 ball pythons
  4 frilled lizards
  10 rats
84 creatures vanquished.

Notes
Turn   | Place    | Note
-------+----------+-------------------------------------------
     0 | D:1      | a3don the Hill Orc Cinder Acolyte began the quest for the
                  | Orb.
     0 | D:1      | Reached XP level 1. HP: 19/19 MP: 2/2
   128 | D:1      | Reached XP level 2. HP: 22/27 MP: 3/3
   517 | D:1      | Reached XP level 3. HP: 33/33 MP: 4/4
  1569 | D:2      | Reached XP level 4. HP: 40/40 MP: 6/6
  1846 | D:2      | Identified the +0 leather armour of Nihilism {Str+7}
  2082 | D:2      | Reached skill level 1 in Shields
  2341 | D:3      | Learned a level 2 spell: Scorch
  2534 | D:3      | Reached skill level 5 in Axes
  2534 | D:3      | Reached XP level 5. HP: 47/47 MP: 7/7
  3381 | D:4      | Found an ornate altar of the Wu Jian Council.
  3449 | D:4      | Found a blossoming altar of Fedhas.
  3912 | D:4      | Reached XP level 6. HP: 42/53 MP: 9/9
  4095 | D:5      | Entered Level 5 of the Dungeon
  4199 | D:5      | Noticed Ijyb
  4204 | D:5      | HP: 1/55 [scorpion (5)]
  4204 | D:5      | Slain by an orc wizard

Illustrated notes

Levels and vault maps discovered:
D:1:      dpeg_arrival_erosion, layout_rooms
D:2:      layout_loops_ring
D:3:      layout_loops_ring
D:4:      layout_gridville, amcnicky_altar_gilded,
          mainiacjoe_overflow_boulevard, hex_tiny, kennysheep_generic_room_3
D:5:      minmay_opposing_rooms, layout_rooms, minmay_shop_grid_forest,
          uniq_grinder, uniq_ijyb

Skill      XL: |  1  2  3  4  5 |
---------------+----------------+-----
Fighting       | 4 |  4.8
Shields        | 1 2 |  2.2
Fire Magic     | 4 |  4.5
Axes           | 5 |  5.4
Spellcasting   | 2 |  2.2

Action                   |  1- 3 |  4- 6 || total
-------------------------+-------+-------++-------
Melee: Hand axe          |   112 |   171 ||   283
       Punch             |     1 |       ||     1
  Use: Potion            |     1 |     1 ||     2
Armor: Leather armour    |    24 |    64 ||    88
       Robe              |     1 |       ||     1
Dodge: Dodged            |    57 |    88 ||   145
Block: Buckler           |     5 |    18 ||    23

Table legend: (Time is in decaauts)
 A = Elapsed time spent in this place.
 B = Non-inter-level travel time spent in this place.
 C = Inter-level travel time spent in this place.
 D = Time resting spent in this place.
 E = Time spent auto-exploring this place.
 F = Levels seen in this place.
 G = Mean time per level.
                   A        B        C        D        E       F      G
               +--------+--------+--------+--------+--------+-----+--------+
         Total |   4229 |   4150 |     79 |    631 |   2828 |   5 |  845.8 |
       Dungeon |   4229 |   4150 |     79 |    631 |   2828 |   5 |  845.8 |
               +--------+--------+--------+--------+--------+-----+--------+

Top non-repeatable levels by time:
     D:2: 1470 daAuts
     D:3: 950 daAuts
     D:4: 857 daAuts
     D:1: 842 daAuts
     D:5: 109 daAuts
